[Event "Bergen Grand Prix 2019"]
[Site "Bergen"]
[Date "2019.11.16"]
[Round "3.5"]
[White "Fossan, Benjamin"]
[Black "Holleland, Sigve"]
[Result "0-1"]
[ECO "B31"]
[WhiteElo "1942"]
[BlackElo "2098"]
[Annotator "NA"]
[PlyCount "114"]
[EventDate "2019.11.15"]
[EventType "swiss"]
[EventCountry "NOR"]
[SourceTitle "playchess.com"]
[Source "ChessBase"]
[SourceQuality "1"]
[TimeControl "40/5400:1800"]

1. e4 c5 2. Nf3 Nc6 3. Bb5 g6 4. Bxc6 bxc6 5. O-O Bg7 6. Re1 e5 7. c3 Qb6 8. Na3 Ba6 9. d3 Ne7 10. Rb1 O-O 11. Be3 $14 d5 12. c4 Rfe8 13. Qa4 d4 14. Bd2 Bc8 15. b4 cxb4 16. Rxb4 Qc7 17. Reb1 f5 18. c5 fxe4 19. dxe4 h6 20. Nc4 Rf8 21. Nd6 Qd7 22. Bxh6 Bxh6 23. Nxe5 Qe6 24. Nxc6 Nxc6 25. Qxc6 Qf6 26. Qd5+ Be6 27. Qxd4 Qxd4 28. Rxd4 Bxa2 29. Rbd1 a5 30. g3 Bb3 31. Re1 a4 32. f4 a3 33. c6 a2 34. Ra1 g5 35. e5 gxf4 36. c7 f3 37. Rg4+ Kh7 38. c8=Q Rfxc8 39. Nxc8 Rxc8 40. Rh4 Rc2 41. Kf1 Kg6 42. Rb4 Rc1+ 43. Rxc1 Bxc1 44. Rb6+ Kf5 45. Rxb3 a1=Q 46. Rxf3+ Kxe5 47. Kg2 Qa8 48. Kf2 Qa2+ 49. Kg1 Ke4 50. Rf1 Be3+ 51. Kh1 Qe2 52. Rf8 Bd4 53. Re8+ Be5 54. Rf8 Kd3 55. Rf7 Qe4+ 56. Kg1 Bd4+ 57. Rf2 Bxf2+ 0-1

[Event "Bergen Grand Prix 2019"]
[Site "Bergen"]
[Date "2019.11.16"]
[Round "3.6"]
[White "Solheim, Per Otto"]
[Black "Sorensen, Simen"]
[Result "0-1"]
[ECO "B44"]
[WhiteElo "1752"]
[BlackElo "2004"]
[Annotator "NA"]
[PlyCount "76"]
[EventDate "2019.11.15"]
[EventType "swiss"]
[EventCountry "NOR"]
[SourceTitle "playchess.com"]
[Source "ChessBase"]
[SourceQuality "1"]
[TimeControl "40/5400:1800"]

1. e4 c5 2. Nf3 e6 3. d4 cxd4 4. Nxd4 Nc6 5. c4 Nf6 6. Nc3 Bb4 7. Nxc6 bxc6 8. Bd3 e5 9. O-O d6 10. Qc2 O-O 11. a3 Bc5 12. b4 Bd4 $11 13. Rb1 Qe7 14. Ne2 Bb6 15. a4 a5 16. b5 cxb5 17. cxb5 Be6 18. Ba3 Rac8 19. Qb2 Nd7 20. Rbc1 Nc5 21. Bxc5 Rxc5 22. Rxc5 Bxc5 23. Kh1 f5 24. exf5 Bxf5 25. Bxf5 Rxf5 26. Ng3 Rf4 27. f3 Rb4 28. Qc2 Qf7 29. Ne4 Rc4 30. Qd1 Rd4 31. Qc2 Qd5 32. Nxc5 dxc5 33. Rb1 Rb4 34. Rxb4 axb4 35. b6 b3 36. Qb1 c4 37. a5 Qxa5 38. b7 Qa7 0-1

[Event "Bergen Grand Prix 2019"]
[Site "Bergen"]
[Date "2019.11.16"]
[Round "3.7"]
[White "Omtvedt, Aleksander"]
[Black "Rasmussen, Jonas H"]
[Result "1/2-1/2"]
[ECO "D11"]
[WhiteElo "1900"]
[BlackElo "1951"]
[Annotator "NA"]
[PlyCount "61"]
[EventDate "2019.11.15"]
[EventType "swiss"]
[EventCountry "NOR"]
[SourceTitle "playchess.com"]
[Source "ChessBase"]
[SourceQuality "1"]
[TimeControl "40/5400:1800"]

1. d4 Nf6 2. g3 d5 3. Bg2 c6 4. Nf3 Bf5 5. O-O h6 6. c4 e6 7. b3 Nbd7 8. Bb2 Bd6 9. Nbd2 O-O 10. Re1 Re8 11. Ne5 Bc7 12. Nxd7 Qxd7 13. e4 dxe4 14. Nxe4 Nxe4 15. Bxe4 Bxe4 16. Rxe4 Rad8 17. Qh5 $11 f5 18. Re3 Qf7 19. Qe2 Qg6 20. Re1 Ba5 21. Rd1 Bc7 22. a3 Bf4 23. Red3 Bg5 24. Qe5 Bf6 25. Qc5 a6 26. a4 Qf7 27. Bc3 Rd7 28. Ba5 Bd8 29. Bc3 Bf6 30. Ba5 Bd8 31. Bc3 1/2-1/2

[Event "Bergen Grand Prix 2019"]
[Site "Bergen"]
[Date "2019.11.16"]
[Round "3.8"]
[White "Jacobsen, Hans-Henry"]
[Black "Sivertsen, Jarle"]
[Result "1/2-1/2"]
[ECO "A10"]
[WhiteElo "1646"]
[BlackElo "1597"]
[Annotator "NA"]
[PlyCount "116"]
[EventDate "2019.11.15"]
[EventType "swiss"]
[EventCountry "NOR"]
[SourceTitle "playchess.com"]
[Source "ChessBase"]
[SourceQuality "1"]
[TimeControl "40/5400:1800"]

1. c4 f5 2. Nf3 Nf6 3. Nc3 e6 4. d3 d6 5. g3 Be7 6. Bg2 O-O 7. O-O a5 8. Qa4 Bd7 9. Qb3 Bc6 10. Nb5 Qd7 11. Nbd4 Ba4 12. Qc3 e5 13. Nb5 c6 14. Nxd6 Qxd6 15. b3 e4 16. Bf4 Qd7 17. Ne5 Qe6 18. bxa4 Nbd7 19. Nxd7 Nxd7 20. Rab1 g5 21. Bd2 Bf6 22. Qc2 Nc5 23. Be3 exd3 24. exd3 Na6 25. Rxb7 Nb4 26. Qb3 Qc8 27. c5+ Kh8 28. Rf7 Rb8 29. Rxf8+ Qxf8 30. Qc4 Rd8 31. Rd1 h5 32. a3 Nd5 33. Bd4 f4 34. Bxf6+ Qxf6 35. Rb1 f3 36. Bf1 g4 37. Rb7 Re8 38. Qa6 Ne3 39. Rb1 h4 40. Re1 hxg3 41. hxg3 Kg7 42. Qa7+ Kg6 43. Qxa5 Re7 44. Qd2 Nxf1 45. Rxf1 Qh8 46. Qf4 Qh3 47. Qd6+ Kf7 48. Qf4+ Kg8 49. Qg5+ Kf8 50. Qf6+ Kg8 51. Qg6+ Rg7 52. Qe8+ Kh7 53. Qe4+ Kh6 54. Qf4+ Kg6 55. Qe4+ Kf7 56. Qf5+ Kg8 57. Qe6+ Kh7 58. Qf5+ Kg8 1/2-1/2

[Event "Bergen Grand Prix 2019"]
[Site "Bergen"]
[Date "2019.11.16"]
[Round "3.9"]
[White "Westvik, Markus"]
[Black "Sorhus, Jostein"]
[Result "0-1"]
[ECO "A38"]
[WhiteElo "1220"]
[BlackElo "1630"]
[Annotator "NA"]
[PlyCount "54"]
[EventDate "2019.11.15"]
[EventType "swiss"]
[EventCountry "NOR"]
[SourceTitle "playchess.com"]
[Source "ChessBase"]
[SourceQuality "1"]
[TimeControl "40/5400:1800"]

1. Nf3 Nf6 2. g3 g6 3. Bg2 c5 4. O-O Nc6 5. c4 Bg7 6. Nc3 O-O 7. d3 d6 8. Rb1 a5 9. a3 Rb8 10. e4 Be6 11. Be3 Qc8 12. Qc2 Bh3 13. Qc1 Bxg2 14. Kxg2 Ng4 15. Bd2 Nge5 16. Nxe5 Nxe5 17. Qc2 e6 18. f4 Nc6 19. Be3 b6 20. Rbd1 f5 21. exf5 Rxf5 22. Rfe1 Qb7 23. Kg1 Nd4 24. Bxd4 Bxd4+ 25. Kf1 Qh1+ 26. Ke2 Qxh2+ 27. Kf3 Qxc2 0-1

[Event "Bergen Grand Prix 2019"]
[Site "Bergen"]
[Date "2019.11.16"]
[Round "3.10"]
[White "Dale, Svein"]
[Black "Breiland, John"]
[Result "1/2-1/2"]
[ECO "C01"]
[WhiteElo "1787"]
[BlackElo "1536"]
[Annotator "NA"]
[PlyCount "60"]
[EventDate "2019.11.15"]
[EventType "swiss"]
[EventCountry "NOR"]
[SourceTitle "playchess.com"]
[Source "ChessBase"]
[SourceQuality "1"]
[TimeControl "40/5400:1800"]

1. e4 e6 2. d4 d5 3. Bd3 dxe4 4. Bxe4 Nf6 5. Bf3 Bd6 6. Ne2 c6 7. O-O Qc7 8. h3 O-O 9. Bg5 Nbd7 10. c4 b6 11. Nbc3 Rb8 12. Rc1 a6 13. d5 Bb7 14. Nd4 exd5 15. cxd5 cxd5 16. Ncb5 Bh2+ 17. Kh1 Qe5 18. Bxf6 Nxf6 19. Re1 Ne4 20. Bxe4 dxe4 21. Nf3 Qxb5 22. Nxh2 Qxb2 23. Re2 Qf6 24. Ng4 Qe6 25. f3 f5 26. Nf2 Rbd8 27. Qa4 e3 28. Qf4 Rd2 29. Rxd2 exd2 30. Qxd2 Re8 1/2-1/2

[Event "Bergen Grand Prix 2019"]
[Site "Bergen"]
[Date "2019.11.16"]
[Round "3.11"]
[White "Tenfjord Engelsen, Teodor"]
[Black "Fiskaaen, Martin Holten"]
[Result "1/2-1/2"]
[ECO "B13"]
[WhiteElo "1349"]
[BlackElo "1190"]
[Annotator "NA"]
[PlyCount "130"]
[EventDate "2019.11.15"]
[EventType "swiss"]
[EventCountry "NOR"]
[SourceTitle "playchess.com"]
[Source "ChessBase"]
[SourceQuality "1"]
[TimeControl "40/5400:1800"]

1. d4 Nf6 2. Nc3 d5 3. Bf4 c5 4. e3 cxd4 5. exd4 a6 6. Be2 Bf5 7. g4 Bg6 8. h4 h6 9. f3 e6 10. Bd3 Bxd3 11. Qxd3 Bd6 12. Nge2 Nc6 13. O-O-O Bxf4+ 14. Nxf4 Qc7 15. Qe3 O-O-O 16. Rhe1 Kb8 17. Kb1 Na5 18. Qe5 Nc4 19. Qxc7+ Kxc7 20. b3 Na5 21. Nd3 Nd7 22. f4 Kd6 23. Ne5 Nxe5 24. fxe5+ Ke7 25. Rf1 Nc6 26. Ne2 b5 27. c3 a5 28. Rd3 a4 29. b4 Na7 30. Rdf3 Rhf8 31. Ng3 Nc8 32. Nh5 g6 33. Nf6 Rh8 34. g5 h5 35. Nxh5 Rxh5 36. Rxf7+ Ke8 37. R7f6 Ne7 38. Rxe6 Rxh4 39. Rff6 Kd7 40. Rd6+ Kc7 41. Rf7 Rxd6 42. exd6+ Kxd6 43. Rf6+ Kd7 44. Rb6 Rh3 45. Kb2 Rg3 46. Rxb5 Rxg5 47. c4 Rh5 48. c5 g5 49. Rb7+ Kd8 50. b5 g4 51. b6 g3 52. c6 Nxc6 53. Rg7 Rh2+ 54. Ka3 g2 55. b7 g1=Q 56. Rxg1 Kc7 57. Rg7+ Kb8 58. Rd7 Rh5 59. Kxa4 Rh4 60. Rxd5 Rxd4+ 61. Rxd4 Nxd4 62. Kb4 Kxb7 63. a4 Nc6+ 64. Kb5 Na7+ 65. Kb4 Ka6 1/2-1/2

[Event "Bergen Grand Prix 2019"]
[Site "Bergen"]
[Date "2019.11.16"]
[Round "3.12"]
[White "Hansen, Arve Nils"]
[Black "Wallevik, Karl"]
[Result "0-1"]
[ECO "C77"]
[WhiteElo "1297"]
[BlackElo "1186"]
[Annotator "NA"]
[PlyCount "80"]
[EventDate "2019.11.15"]
[EventType "swiss"]
[EventCountry "NOR"]
[SourceTitle "playchess.com"]
[Source "ChessBase"]
[SourceQuality "1"]
[TimeControl "40/5400:1800"]

1. e4 e5 2. Nf3 Nc6 3. Bb5 a6 4. Ba4 Nf6 5. d3 b5 6. Bb3 Be7 7. Be3 d5 8. Nbd2 h6 9. exd5 Nxd5 10. Ne4 Nxe3 11. fxe3 Bg4 12. Nc3 Bb4 13. Qd2 Bxf3 14. gxf3 Qf6 15. Qg2 O-O-O 16. a4 e4 17. fxe4 Bxc3+ 18. bxc3 Qxc3+ 19. Ke2 b4 20. a5 Rd6 21. Rhd1 Rhd8 22. Ba4 Qe5 23. Qh3+ Kb7 24. Qf5 Qxh2+ 25. Ke1 Rf6 26. Qxf6 gxf6 27. Rdb1 Qe5 28. Bxc6+ Kxc6 29. Ra4 Qc3+ 30. Kd1 Kb5 31. Rb3 Rxd3+ 32. Kc1 Qe1+ 33. Kb2 Rxb3+ 34. cxb3 Qc3+ 35. Ka2 h5 36. e5 fxe5 37. e4 h4 38. Kb1 Qxb3+ 39. Ka1 Qxa4+ 40. Kb2 h3 0-1

[Event "Bergen Grand Prix 2019"]
[Site "Bergen"]
[Date "2019.11.17"]
[Round "4.2"]
[White "Fossan, Aleksander"]
[Black "Gronnestad, Anita"]
[Result "1-0"]
[ECO "B03"]
[WhiteElo "2179"]
[BlackElo "1952"]
[Annotator "RC"]
[PlyCount "121"]
[EventDate "2019.11.15"]
[EventType "swiss"]
[EventCountry "NOR"]
[SourceTitle "playchess.com"]
[Source "ChessBase"]
[SourceQuality "1"]
[TimeControl "40/5400:1800"]

1. e4 Nf6 2. e5 Nd5 3. d4 d6 4. c4 Nb6 5. exd6 exd6 6. Nc3 Be7 7. Bd3 O-O 8. Nge2 Nc6 9. b3 Bg4 10. Be3 Bf6 11. Qd2 Re8 12. O-O Bxe2 13. Bxe2 d5 14. c5 Nc8 15. Bf3 N8e7 16. a3 Na5 17. Qc2 Qd7 18. Rfe1 Nac6 19. Rad1 a6 20. h3 g6 21. Bg4 Qd8 22. b4 Bg7 23. Qb3 Na7 24. Bf3 c6 25. g4 Nb5 26. Ne2 Nc7 27. Qd3 Qd7 28. Bg2 f5 29. g5 Ne6 30. h4 f4 31. Nxf4 Nf5 32. Bh3 Rf8 33. Nxe6 Qxe6 34. Bf4 Qf7 35. Bxf5 Qxf5 36. Qxf5 Rxf5 37. Bd6 Rf3 38. Re3 Rxe3 39. fxe3 Re8 40. Kf2 Re4 41. Bf4 Kf7 42. Kf3 Ke6 43. Rh1 Kf5 44. h5 Bxd4 45. hxg6 hxg6 46. Rh7 Bb2 47. Rxb7 Bxa3 48. Rf7+ Ke6 49. Rf6+ Kd7 50. Rd6+ Ke7 51. Rxg6 Bxb4 52. Rxc6 Re6 53. Rc7+ Kd8 54. c6 a5 55. Kg4 a4 56. Kf5 Re8 57. Ra7 a3 58. g6 Bc3 59. Rxa3 d4 60. Ra8+ Ke7 61. Bg5+ 1-0

[Event "Bergen Grand Prix 2019"]
[Site "Bergen"]
[Date "2019.11.17"]
[Round "4.4"]
[White "Holleland, Sigve"]
[Black "Sorensen, Simen"]
[Result "1-0"]
[ECO "E17"]
[WhiteElo "2098"]
[BlackElo "2004"]
[Annotator "NA RC"]
[PlyCount "109"]
[EventDate "2019.11.15"]
[EventType "swiss"]
[EventCountry "NOR"]
[SourceTitle "playchess.com"]
[Source "ChessBase"]
[SourceQuality "1"]
[TimeControl "40/5400:1800"]

1. d4 Nf6 2. c4 e6 3. Nf3 b6 4. g3 Bb7 5. Bg2 Be7 6. O-O O-O 7. d5 exd5 8. Nh4 c6 9. cxd5 Nxd5 10. Nf5 $1 Nc7 11. e4 d5 {[%emt 0:14:42] E17: Queen's Indian: 4 g3 Bb7 5 Bg2 Be7} 12. Qg4 (12. Nc3 Bf6 13. exd5 Nxd5 14. Nxd5 cxd5 15. Bf4 Nd7 16. Nd6 Bc6 17. Rc1 Ne5 18. Bxe5 Bxe5 19. Nxf7 Rxf7 20. Rxc6 Rd7 {½-½ (57) Moiseenko,A (2649)-Inarkiev,E (2730) Izmir 2016}) 12... Ne6 (12... Bf6 $11) 13. Rd1 $146 ({Predecessor:} 13. exd5 cxd5 14. Nh6+ Kh8 15. Nxf7+ Rxf7 16. Qxe6 Rf6 17. Qg4 Qd7 18. Qxd7 Nxd7 19. Nc3 {½-½ (37) Chiku Ratte,O (2336)-Marin,S (1930) Montreal 2017}) 13... Bf6 $2 {[%emt 0:08:52] [#]} (13... Nd7 $1 $11) 14. exd5 $1 cxd5 15. Nc3 Bxc3 16. bxc3 Qf6 17. Ba3 ({Weaker is} 17. Bxd5 Bxd5 18. Rxd5 Nc6 $11) 17... Nc5 18. Bxd5 Bxd5 19. Rxd5 g6 20. Qd4 Qxd4 21. cxd4 gxf5 22. dxc5 Rc8 23. Rxf5 h6 24. Rd1 bxc5 25. Rxc5 Na6 26. Ra5 Nc7 27. Rc1 Ne6 28. Rxc8+ Rxc8 29. Rxa7 Rc2 30. Bb4 Kg7 31. a3 Ng5 32. Kg2 Ne4 33. Be1 Nc5 34. Rc7 Nd3 35. Re7 Ra2 36. Bc3+ Kg6 37. Bd4 Rxa3 38. Re3 Rb3 39. h3 Nc1 40. Rxb3 Nxb3 41. Be3 h5 42. Kf3 f5 43. Kf4 Na5 44. Ke5 Nc6+ 45. Kd5 Nd8 $18 46. Bf4 Nf7 47. Ke6 Nd8+ 48. Kd7 Nb7 49. Be3 Na5 50. Ke6 Nc4 51. Kd5 Nb2 52. f4 Nd3 53. Kc4 Ne1 54. Bf2 Nc2 55. Kb3 1-0

[Event "Bergen Grand Prix 2019"]
[Site "Bergen"]
[Date "2019.11.17"]
[Round "4.5"]
[White "Johannessen, Heine N"]
[Black "Flasen, Aleksander"]
[Result "1-0"]
[ECO "E15"]
[WhiteElo "1772"]
[BlackElo "1949"]
[Annotator "NA RC"]
[PlyCount "156"]
[EventDate "2019.11.15"]
[EventType "swiss"]
[EventCountry "NOR"]
[SourceTitle "playchess.com"]
[Source "ChessBase"]
[SourceQuality "1"]
[TimeControl "40/5400:1800"]

1. d4 Nf6 2. Nf3 e6 3. c4 b6 4. g3 Ba6 5. Qc2 Be7 (5... Bb4+ 6. Bd2 Be7 7. e4 d5 8. cxd5 Bxf1 9. Kxf1 exd5 10. e5 Ne4 11. Nc3 Nxd2+ 12. Qxd2 Qd7 13. Kg2 Nc6 {1-0 (49) Kuzubov,Y (2636)-Ivanchuk,V (2686) Linares 2019}) 6. Bg2 {[%emt 0:00:48] E15: Queen's Indian: 4 g3 sidelines, 4 g3 Ba6 and 4 g3 Bb7 early deviations} d5 7. cxd5 exd5 8. O-O O-O 9. Nc3 Bb7 10. Bg5 Nbd7 11. Ne5 h6 12. Nxd7 $146 ({Predecessor:} 12. Bf4 c6 13. Rfd1 Re8 {½-½ (68) Levin,E (2505)-Denisov,I (2400) Sochi 2016}) 12... Qxd7 13. Bxf6 Bxf6 14. Rad1 Rfd8 15. Rd2 Rac8 16. Rfd1 Bg5 17. e3 c6 18. h4 Be7 19. Kh2 g5 20. Bh3 g4 21. Bg2 Qe6 {[%emt 0:08:16] [#]} 22. e4 $14 Bb4 23. a3 Bxc3 24. bxc3 Re8 25. e5 c5 26. Qd3 cxd4 27. cxd4 Rc4 28. Qe3 Rec8 29. f4 f5 30. Bf1 Rc3 31. Rd3 R3c7 32. R3d2 Rc3 33. Rd3 R3c7 34. Bg2 Ba6 35. Rb3 Kf7 36. Rdb1 Rc2 37. R1b2 R2c6 38. a4 Bc4 39. Rb4 Qd7 40. a5 bxa5 41. Rb7 R8c7 42. Rb8 Qe7 43. Rh8 Kg7 44. Rbb8 Qe6 45. Rbe8 Re7 46. Ref8 Kg6 47. Qa3 Qd7 48. Qxa5 Ra6 49. Qb4 Qb7 50. Qc5 Rc6 51. Rf6+ Rxf6 52. exf6 Kxf6 53. Rxh6+ Kf7 54. Qd6 Qb6 55. Rh7+ Kg8 56. Qxb6 Kxh7 57. Qf6 Re2 58. Qxf5+ Kg7 59. Qxg4+ Kf8 60. Qxe2 Bxe2 61. Bxd5 a5 62. Bb3 Bg4 63. Kg2 Ke7 64. Kf2 Kd6 65. Ke3 Kc6 66. Ke4 Kb5 67. f5 Kb4 68. Bc2 Kc3 69. Ba4 Kb4 70. Be8 a4 71. Bxa4 Kxa4 72. f6 Bh5 73. g4 Be8 74. Kd5 Kb5 75. Kd6 Kc4 76. Ke7 Bg6 77. h5 Kxd4 78. hxg6 Kd5 1-0

[Event "Bergen Grand Prix 2019"]
[Site "Bergen"]
[Date "2019.11.17"]
[Round "4.6"]
[White "Rasmussen, Jonas H"]
[Black "Flatebo, Hallvard Haug"]
[Result "1/2-1/2"]
[ECO "A89"]
[WhiteElo "1951"]
[BlackElo "1837"]
[Annotator "NA RC"]
[PlyCount "92"]
[EventDate "2019.11.15"]
[EventType "swiss"]
[EventCountry "NOR"]
[SourceTitle "playchess.com"]
[Source "ChessBase"]
[SourceQuality "1"]
[TimeControl "40/5400:1800"]

1. d4 f5 2. Nf3 Nf6 3. g3 d6 4. Bg2 g6 5. O-O Bg7 6. c4 O-O 7. Nc3 Nc6 8. d5 Ne5 9. Qb3 Kh8 {[%emt 0:03:32] A89: Dutch Defence: Leningrad System: 5 Nf3 0-0 6 0-0 d6 7 Nc3 Nc6} (9... Ned7 10. Qc2 a5 11. Bg5 Nc5 12. Rad1 Bd7 13. Nd4 Qe8 14. Rfe1 Ng4 15. h3 h6 16. Bc1 Nf6 17. e4 fxe4 18. Nxe4 Nfxe4 19. Bxe4 Bxh3 20. Bxg6 {1-0 (46) Illescas Cordoba,M (2618)-Rapport,R (2704) Tromsoe 2014}) 10. Nd4 a5 11. e3 $146 (11. Rd1 $16) ({Predecessor:} 11. f4 Neg4 12. Ne6 Bxe6 13. dxe6 Rb8 14. h3 Nh6 15. Be3 {1-0 (40) Joksic,S (2325)-Orlov,P (2390) Pula 1982}) 11... Bd7 12. Nce2 a4 13. Qc2 c5 14. Nf3 Nxf3+ 15. Bxf3 b5 16. cxb5 Bxb5 17. Rd1 {[%emt 0:01:02] [#]} Ne4 $1 18. Nc3 Nxc3 19. bxc3 a3 20. Re1 Qa5 21. Bd2 Bc4 22. Be2 Bxe2 23. Rxe2 Rab8 24. c4 Qb6 (24... Qa6 $5 25. Bc3 $8 Rb2 26. Bxg7+ Kxg7 27. Qc3+ Kf7 $11) 25. Bc3 Bf6 $16 (25... Qa6 $11 {remains equal.}) 26. Ree1 Qa6 27. Bxf6+ exf6 28. Rab1 Kg7 29. Rb3 Qa5 30. Reb1 Rb4 31. Rxb4 cxb4 32. Qd2 Rb8 33. Rb3 Qc5 34. Qd4 Qc7 35. Rb1 Qa5 36. e4 b3 37. axb3 a2 38. Ra1 Rxb3 39. Qd1 Qa3 40. exf5 Qb2 41. Kg2 Rc3 42. fxg6 Rc2 43. Qe1 Rxf2+ 44. Qxf2 Qxa1 45. gxh7 Kxh7 46. Qf5+ Kg7 1/2-1/2

[Event "Bergen Grand Prix 2019"]
[Site "Bergen"]
[Date "2019.11.17"]
[Round "4.7"]
[White "Hjornevik, Knut J"]
[Black "Eliseev, Sergey"]
[Result "0-1"]
[ECO "D50"]
[WhiteElo "1807"]
[BlackElo "1911"]
[Annotator "NA RC"]
[PlyCount "124"]
[EventDate "2019.11.15"]
[EventType "swiss"]
[EventCountry "NOR"]
[SourceTitle "playchess.com"]
[Source "ChessBase"]
[SourceQuality "1"]
[TimeControl "40/5400:1800"]

1. d4 Nf6 2. Bg5 e6 3. e3 h6 4. Bh4 d5 5. c4 c6 6. Nc3 Nbd7 7. h3 Qa5 8. Bxf6 Nxf6 9. a3 Ne4 10. Rc1 (10. Qa4 $11 Qxa4 11. Nxa4) 10... dxc4 11. Bxc4 b5 12. Bd3 Nxc3 13. Qd2 $1 {[%emt 0:00:00] Pin} Bd7 (13... b4 $15 14. axb4 Qd5 15. Qxc3 Qxg2) 14. Ne2 {[%emt 0:00:00] Pin} Rb8 15. Nxc3 b4 16. Ne4 Qd5 $11 17. O-O bxa3 18. bxa3 Bxa3 19. Rc4 a5 20. Nc5 Bb4 21. Qe2 Qd6 22. e4 Bxc5 23. dxc5 Qe5 24. Qd2 Ra8 25. Bc2 Ra7 26. f4 Qc7 27. e5 O-O 28. Qd3 g6 29. Qg3 Kg7 30. Rd1 Rfa8 31. Rcd4 Qc8 32. Qh4 Qd8 33. Qf6+ Kg8 34. Qxd8+ Rxd8 35. Ba4 Rc7 36. Rd6 Kf8 37. Kf2 Ke7 38. Ke3 Rb8 39. R1d4 Rb2 40. g3 Ra2 41. Kf3 Ra3+ 42. Kf2 Rc3 43. Bd1 Rxc5 44. Bf3 Ra7 45. Ra4 Rc2+ 46. Ke3 Rc3+ 47. Rd3 Rc5 48. Kd4 Rc1 49. Rc4 Rxc4+ 50. Kxc4 Ra6 51. Bd1 Rb6 52. h4 Rb4+ 53. Kc5 Rb5+ 54. Kc4 Rd5 55. Bf3 Rxd3 56. Kxd3 c5 57. Kc4 a4 58. Bd1 Bc6 59. Kxc5 a3 60. Bb3 Bd5 61. Kb4 a2 62. Bxa2 Bxa2 0-1

[Event "Bergen Grand Prix 2019"]
[Site "Bergen"]
[Date "2019.11.17"]
[Round "4.8"]
[White "Sorhus, Jostein"]
[Black "Jacobsen, Hans-Henry"]
[Result "0-1"]
[ECO "A57"]
[WhiteElo "1630"]
[BlackElo "1646"]
[Annotator "NA RC"]
[PlyCount "96"]
[EventDate "2019.11.15"]
[EventType "swiss"]
[EventCountry "NOR"]
[SourceTitle "playchess.com"]
[Source "ChessBase"]
[SourceQuality "1"]
[TimeControl "40/5400:1800"]

1. d4 Nf6 2. c4 c5 3. d5 b5 4. g3 bxc4 5. Bg2 d6 6. Nf3 Nbd7 7. O-O Nb6 8. Nc3 g6 9. a4 a5 10. e4 Bg4 11. h3 Bxf3 12. Bxf3 Nfd7 13. Bf4 Bg7 14. Qd2 O-O 15. Bh6 Ne5 16. Be2 Qc8 17. Kg2 Qa6 18. Bxg7 Kxg7 19. Nb5 Rfc8 20. Qc3 Kg8 21. b3 cxb3 22. f4 Ned7 23. Qxb3 c4 24. Qc2 Rab8 25. Nd4 Nc5 26. Nc6 Rb7 27. f5 Nd3 28. Bg4 Rcc7 29. Qd2 Nxd5 30. Rab1 Qxc6 31. exd5 Qxa4 32. fxg6 hxg6 33. Be2 Ne5 34. Qh6 Qa2 35. Rbe1 Rb2 36. Rxf7 Rxe2+ 37. Rxe2 Qxe2+ 38. Rf2 Qe4+ 39. Kf1 Nf3 40. Kg2 Ne5+ 41. Kh2 Rc8 42. g4 Rb8 43. Kg3 Rb3+ 44. Kh2 Rf3 45. Qh4 Qf4+ 46. Kg2 Rxf2+ 47. Qxf2 Qxf2+ 48. Kxf2 a4 0-1

[Event "Bergen Grand Prix 2019"]
[Site "Bergen"]
[Date "2019.11.17"]
[Round "4.9"]
[White "Sivertsen, Jarle"]
[Black "Breiland, John"]
[Result "1-0"]
[ECO "D55"]
[WhiteElo "1597"]
[BlackElo "1536"]
[Annotator "NA RC"]
[PlyCount "141"]
[EventDate "2019.11.15"]
[EventType "swiss"]
[EventCountry "NOR"]
[SourceTitle "playchess.com"]
[Source "ChessBase"]
[SourceQuality "1"]
[TimeControl "40/5400:1800"]

1. d4 e6 2. c4 Nf6 3. Bg5 d5 4. e3 c5 5. Nf3 Be7 6. Nc3 O-O 7. Be2 dxc4 8. dxc5 Qa5 9. Qa4 Qxc5 10. Qxc4 Qxc4 11. Bxc4 h6 12. Bh4 a6 13. a4 b6 14. O-O Nc6 15. h3 Bb7 16. Rfd1 Rfd8 17. Ne2 Na5 18. Ba2 Bxf3 19. gxf3 Rxd1+ 20. Rxd1 Rd8 21. Rxd8+ Bxd8 22. b4 Nc6 23. b5 axb5 24. axb5 Ne7 25. Bg3 Nf5 26. Bh2 Nd7 27. Kg2 Nh4+ 28. Kg3 g5 29. f4 Bc7 30. f3 Nf6 31. Kf2 Nh5 32. Bc4 Ng6 33. f5 Bxh2 34. fxg6 Bd6 35. gxf7+ Kxf7 36. Nc3 Ke7 37. Ne4 Bc7 38. Ke2 Ng3+ 39. Kd3 Nf5 40. Ke2 Bh2 41. Bd3 Bg1 42. Nf2 Bxf2 43. Kxf2 Kd6 44. f4 gxf4 45. exf4 Kc5 46. Kf3 Nd4+ 47. Kg4 Nxb5 48. Kh5 Nd4 49. Kxh6 b5 50. h4 b4 51. h5 b3 52. Kg6 Nc2 53. h6 Kd4 54. h7 Kxd3 55. h8=Q Nd4 56. Qh1 b2 57. Qd1+ Kc3 58. Kf6 Nb3 59. Kxe6 Nc1 60. Qe1+ Kc2 61. Qe4+ Nd3 62. Qc4+ Kd2 63. Qa2 Nxf4+ 64. Ke5 Nd3+ 65. Kd4 Kc2 66. Qc4+ Kb1 67. Qxd3+ Ka2 68. Qc2 Ka1 69. Qa4+ Kb1 70. Kc3 Kc1 71. Qc2# 1-0

[Event "Bergen Grand Prix 2019"]
[Site "Bergen"]
[Date "2019.11.17"]
[Round "4.11"]
[White "Wallevik, Karl"]
[Black "Hella, Jonas Saterlid"]
[Result "1-0"]
[ECO "C45"]
[WhiteElo "1186"]
[BlackElo "1163"]
[Annotator "NA RC"]
[PlyCount "120"]
[EventDate "2019.11.15"]
[EventType "swiss"]
[EventCountry "NOR"]
[SourceTitle "playchess.com"]
[Source "ChessBase"]
[SourceQuality "1"]
[TimeControl "40/5400:1800"]

1. e4 e5 2. Nf3 Nc6 3. d4 exd4 4. Nxd4 Nxd4 5. Qxd4 Qf6 6. e5 Qc6 7. Nc3 Qc5 8. Qf4 d5 9. Bb5+ c6 10. Be3 Qb4 11. Qxb4 Bxb4 12. Ba4 Bxc3+ 13. bxc3 b5 14. Bb3 Be6 15. Bc5 a5 16. a4 Rb8 17. O-O Ne7 18. h3 Ng6 19. axb5 Rxb5 20. Bd6 Kd7 21. Rfd1 Ra8 22. Ra4 Nf8 23. c4 Rb6 24. Bxf8 Rxf8 25. Rxa5 Kc7 26. cxd5 cxd5 27. Bxd5 Bxd5 28. Rdxd5 Rb1+ 29. Kh2 Rb2 30. Rac5+ Kb6 31. Rc3 f6 32. Rd6+ Kb5 33. Rb3+ Rxb3 34. cxb3 fxe5 35. Kg3 Rf7 36. Rd2 Kb4 37. Rd3 g6 38. f3 h5 39. Kf2 g5 40. Ke3 h4 41. Ke4 Rc7 42. Kxe5 Rc2 43. Rd4+ Kxb3 44. Rg4 Rc5+ 45. Kf6 Kc3 46. Rxg5 Rxg5 47. Kxg5 Kd4 48. Kxh4 Ke5 49. g4 Kf6 50. Kh5 Kg7 51. f4 Kg8 52. Kg6 Kf8 53. f5 Kg8 54. h4 Kf8 55. h5 Kg8 56. h6 Kh8 57. f6 Kg8 58. f7+ Kf8 59. h7 Ke7 60. h8=Q Kd6 1-0

[Event "Bergen Grand Prix 2019"]
[Site "Bergen"]
[Date "2019.11.17"]
[Round "4.12"]
[White "Fiskaaen, Martin Holten"]
[Black "Hestholm, Freddy"]
[Result "1-0"]
[ECO "C42"]
[WhiteElo "1190"]
[BlackElo "1240"]
[Annotator "NA RC"]
[PlyCount "113"]
[EventDate "2019.11.15"]
[EventType "swiss"]
[EventCountry "NOR"]
[SourceTitle "playchess.com"]
[Source "ChessBase"]
[SourceQuality "1"]
[TimeControl "40/5400:1800"]

1. e4 e5 2. Nf3 Nf6 3. Nxe5 d6 4. Nf3 Nxe4 5. Nc3 Nxc3 6. dxc3 Be7 7. Be3 Nc6 8. Bc4 Be6 9. Bxe6 fxe6 10. Nd4 Qd7 11. Qg4 Nxd4 12. Bxd4 Rg8 13. Qh5+ g6 14. Qxh7 O-O-O 15. Qh3 e5 16. Qxd7+ Rxd7 17. Be3 e4 18. O-O-O d5 19. b4 a6 20. Kb2 b5 21. Kb3 c6 22. a4 Kc7 23. axb5 cxb5 24. Bd4 Rf8 25. Ra1 Kb7 26. Ra2 Bf6 27. Bc5 Ra8 28. Ra3 g5 29. Rd1 g4 30. Be3 Rh8 31. Bf4 Rc8 32. Kb2 Rc4 33. Rb3 d4 34. Kb1 d3 35. Kb2 Kc6 36. cxd3 Rxd3 37. Rxd3 exd3 38. Bd2 Kd5 39. Kc1 a5 40. bxa5 Ra4 41. Rxb5+ Kc4 42. Rb4+ Rxb4 43. cxb4 Kb5 44. f3 gxf3 45. gxf3 Bh4 46. Kd1 Be7 47. h3 Bh4 48. f4 Be7 49. f5 Bf6 50. Be1 Bg5 51. h4 Bf6 52. h5 Bg5 53. Bd2 Bf6 54. h6 Ka6 55. Be3 Bc3 56. Bc5 Bf6 57. Bf8 1-0